 Dungeon Crawl Stone Soup version 0.30.1-4-g462c640d31 (webtiles) character file.

Game seed: 1597042961925516769

118 Conor the Twirler (level 4, 0/37 HPs)
             Began as a Draconian Gladiator on Aug 30, 2023.
             Constricted to death by a ball python (1 damage)
             ... on level 3 of the Dungeon.
             The game lasted 00:02:04 (719 turns).

Conor the Twirler (Draconian Gladiator)              Turns: 719, Time: 00:02:05

Health: 0/37       AC:  5    Str: 17    XL:     4   Next: 72%
Magic:  5/5        EV:  9    Int: 10    God:
Gold:   56         SH:  0    Dex: 12    Spells: 2/4 levels left

rFire   . . .        a - +0 quarterstaff
rCold   . . .        (shield currently unavailable)
rNeg    . . .        (body armour unavailable)
rPois   .            b - +0 hat
rElec   .            (no cloak)
rCorr   .            (no gloves)
SInv    .            (no boots)
Will    .....        (no amulet)
Stlth   ++           (no ring)
HPRegen 0.26/turn    (no ring)
MPRegen 0.09/turn

%: no passive effects
@: constricted
A: AC +5, unfitting armour, cold-blooded
a: no special abilities


You were on level 3 of the Dungeon.
You visited 1 branch of the dungeon, and saw 3 of its levels.

You collected 56 gold pieces.

Inventory:

Hand Weapons
 a - a +0 quarterstaff (weapon)
Missiles
 c - a throwing net (quivered)
 d - a javelin
Armour
 b - a +0 hat (worn)
Scrolls
 f - a scroll of identify {unknown}
 g - a scroll of poison {unknown}
Potions
 e - a potion of haste {unknown}


   Skills:
 * Level 2.8 Fighting
 * Level 1.0(2.6) Polearms
 * Level 3.9(4.0) Staves
 * Level 2.0 Throwing
 * Level 3.3 Dodging
 * Level 1.1 Stealth
 * Level 0.7 Spellcasting


You had 2 spell levels left.
You knew the following spells:

 Your Spells              Type           Power      Damage    Failure   Level
a - Wereblood             Tmut           0%         N/A       47%         2

Your spell library contained the following spells:

 Spells                   Type           Power      Damage    Failure   Level
 Sublimation of Blood     Necr           0%         N/A       47%         2
 Summon Hydra             Summ           0%         N/A       100%        7


Dungeon Overview and Level Annotations

Branches:
Dungeon (3/15)

Altars:


Innate Abilities, Weirdness & Mutations

Your plain brown scales are hard. (AC +5)
You cannot fit into any form of body armour.
You are cold-blooded and may be slowed by cold attacks.


Message History

You barely miss the orc.
The orc is severely wounded.
The ball python closely misses you. The ball python constricts you.
The orc hits you with a +0 flail.
* * * LOW HITPOINT WARNING * * *
You sock the orc!
You kill the orc!
The ball python bites you but does no damage.
The ball python constricts you. The ball python closely misses you.
The ball python constricts you.
You escape the ball python's grasp.
Things that are here:
a +0 flail; a boomerang; a hobgoblin corpse The ball python bites you but does no damage.
The ball python completely misses you. The ball python bites you.
* * * LOW HITPOINT WARNING * * *
The ball python grabs you. The ball python constricts you.
* * * LOW HITPOINT WARNING * * *
You escape the ball python's grasp.
You closely miss the ball python. The ball python misses you. x2
The ball python bites you.
* * * LOW HITPOINT WARNING * * *
The ball python grabs you. The ball python constricts you.
You barely miss the ball python. The ball python barely misses you.
The ball python constricts you.
You closely miss the ball python. You tail-slap the ball python.
The ball python is moderately wounded.
The ball python bites you but does no damage.
The ball python constricts you.
You closely miss the ball python.
The ball python is moderately wounded.
The ball python closely misses you. The ball python constricts you.
* * * LOW HITPOINT WARNING * * *
The ball python bites you but does no damage.
The ball python constricts you.
You hit the ball python but do no damage.
The ball python is moderately wounded.
The ball python bites you but does no damage.
The ball python constricts you.
You die...

..# #. #.#..
...##.##)#.# ###
.........#r# #..
.........#.# #.#
.........#.# #.#
#.......#.## #.#
##..........###S#
.....?....#..).@#
##.####.#...###.#
## ##....#.##
...# . #.......#
..#...
#.##....#.##..
.###
#.##.#.##.##.# ##
#............
###..........
###...).....#


You could see a ball python.

Vanquished Creatures
  A gnoll bouda (D:3)
  4 gnolls (D:3)
  2 adders
  A worm (D:3)
  An orc (D:3)
  2 endoplasms
  A giant cockroach (D:3)
  5 goblins
  2 hobgoblins (D:3)
  3 jackals (D:1)
  2 quokkas
  2 ball pythons
  2 frilled lizards
  2 kobolds
  A rat (D:2)
31 creatures vanquished.

Notes
Turn   | Place    | Note
-------+----------+-------------------------------------------
     0 | D:1      | Conor the Draconian Gladiator began the quest for the Orb.
     0 | D:1      | Reached XP level 1. HP: 17/17 MP: 1/1
   275 | D:1      | Reached XP level 2. HP: 19/24 MP: 2/2
   400 | D:2      | Reached XP level 3. HP: 18/30 MP: 3/3
   609 | D:3      | Reached XP level 4. HP: 22/37 MP: 4/4
   615 | D:3      | Reached skill level 1 in Stealth
   632 | D:3      | Learned a level 2 spell: Wereblood
   706 | D:3      | Reached skill level 1 in Polearms
   715 | D:3      | HP: 1/37 [ball python (1)]
   719 | D:3      | Constricted to death by a ball python

Illustrated notes

Levels and vault maps discovered:
D:1:      dpeg_arrival_yet_another_circle, layout_basic
D:2:      layout_basic
D:3:      layout_loops_ring

Skill      XL: |  1  2  3  4 |
---------------+-------------+-----
Dodging        | 3 |  3.3
Throwing       | 2 |  2.0
Stealth        | 1 |  1.1
Polearms       | 1 |  1.0
Fighting       | |  2.8
Staves         | |  3.9
Spellcasting   | |  0.7

Action                     |  1- 3 |  4- 6 || total
---------------------------+-------+-------++-------
  Melee: Quarterstaff      |    72 |    28 ||   100
         Tailslap          |     9 |     6 ||    15
  Throw: Throwing net      |     2 |       ||     2
 Armour: Skin              |    27 |    15 ||    42
  Dodge: Dodged            |    43 |    31 ||    74
